 Dungeon Crawl Stone Soup version 0.27-a0-972-gd1521fd518 (webtiles) character file.

Game seed: 5039386860790385112

28 spiderkeys the Skirmisher (level 3, 29/29 HPs)
             Began as a Demonspawn Abyssal Knight on Apr 14, 2021.
             Was a Follower of Lugonu.
             Quit the game on level 1 of the Dungeon.
             The game lasted 00:01:19 (1235 turns).

spiderkeys the Skirmisher (DsAK)                    Turns: 1235, Time: 00:01:20

Health: 29/29      AC:  3    Str: 13      XL:     3   Next: 0%
Magic:  5/5        EV: 13    Int: 13      God:    Lugonu [*.....]
Gold:   35         SH:  0    Dex: 10 (12) Spells: 2/2 levels left

rFire    . . .     SeeInvis .   a - +1 spear
rCold    . . .     Faith    .   (no shield)
rNeg     . . .     Spirit   .   b - +0 leather armour
rPois    .         Reflect  .   (helmet restricted)
rElec    .         Harm     .   (no cloak)
rCorr    .         Rampage  .   (no gloves)
Will     .....                  (no boots)
Stlth    +.........             (no amulet)
HPRegen  0.09/turn              (no ring)
MPRegen  0.09/turn              (no ring)

@: very slow
A: antennae 1, repulsion field 1
a: Renounce Religion, Depart the Abyss


You were on level 1 of the Dungeon.
You worshipped Lugonu.
Lugonu was aware of your devotion.
You visited 1 branch of the dungeon, and saw 1 of its levels.
You visited the Abyss 1 time.

You collected 35 gold pieces.

Inventory:

Hand Weapons
 a - a +1 spear (weapon)
Armour
 b - a +0 leather armour (worn)
Scrolls
 c - a scroll of acquirement {unknown}
 d - a scroll of immolation
 e - a scroll of summoning {unknown}
 f - a scroll of noise {unknown}
 g - a scroll of identify
Potions
 h - a potion of resistance {unknown}


   Skills:
 + Level 3.1 Fighting
 * Level 2.3 Polearms
 + Level 2.0 Armour
 + Level 1.3 Dodging
 + Level 2.9 Invocations


You had 2 spell levels left.
You didn't know any spells.
Your spell library was empty.

Dungeon Overview and Level Annotations

Branches:
Dungeon (1/15)

Altars:


Innate Abilities, Weirdness & Mutations

You have a pair of small antennae on your head.
You are surrounded by a mild repulsion field. (EV +2)


Message History

You kill the giant cockroach!
Lugonu accepts your kill.
No target in view!
No target in view!
A bat comes into view.
A bat is nearby!
A bat is nearby!
A bat is nearby!
The bat hits you but does no damage.
You miss the bat. The bat hits you. The bat barely misses you.
You reach to attack!
You hit the bat but do no damage. The bat hits you but does no damage.
You miss the bat. The bat closely misses you. The bat barely misses you.
You hit the bat.
You kill the bat!
Lugonu accepts your kill.
You have reached level 3!
Your experience leads to an increase in your attributes!
Your base attributes are Str 12, Int 13, Dex 12.
Increase (S)trength, (I)ntelligence, or (D)exterity?
You feel stronger.
Your demonic ancestry asserts itself...
You begin to radiate repulsive energy.
You now have 35 gold pieces (gained 10).
You see here a bat corpse.
You see here a bat corpse.
Key pressed, stopping explore.
You see here a +0 ring mail.
You enter the shallow water.
Moving in this stuff is going to be slow.
You enter the shallow water.
Moving in this stuff is going to be slow.
You enter the shallow water.
Moving in this stuff is going to be slow.
Partly explored, can't reach some places.
Partly explored, can't reach some places.
Partly explored, can't reach some places.
Partly explored, can't reach some places.
No target in view!
No target in view!
Are you sure you want to abandon this character and quit the game? (Confirm with "yes".)

###########
##..@≈≈≈≈≈≈#
#..≈≈≈≈≈≈#≈#
#≈≈≈≈≈≈≈##
#.≈≈.≈≈##
#.≈≈≈≈## ######
#.≈≈≈≈.# #.....
#.≈≈≈≈.# #.....
#≈≈≈≈≈≈# #.....
#
########.≈≈≈≈.##
###>..).


There were no monsters in sight!

Vanquished Creatures
  An ufetubus (Abyss:1)
  An endoplasm (D:1)
  A giant cockroach (D:1)
  4 goblins (D:1)
  4 hobgoblins (D:1)
  3 kobolds (D:1)
  A quokka (D:1)
  A ball python (D:1)
  3 bats (D:1)
  2 frilled lizards (D:1)
  A rat (D:1)
22 creatures vanquished.

Notes
Turn   | Place    | Note
-------+----------+-------------------------------------------
     0 | Abyss:1  | spiderkeys the Demonspawn Abyssal Knight began the quest
                  | for the Orb.
     0 | Abyss:1  | Reached XP level 1. HP: 18/18 MP: 2/2
    48 | Abyss:1  | Found a corrupted altar of Lugonu.
   131 | Abyss:1  | Noticed a large abomination
   154 | Abyss:1  | Noticed a quasit
   162 | Abyss:1  | Reached skill level 1 in Dodging
   171 | Abyss:1  | Noticed a tentacled starspawn
   179 | Abyss:1  | Noticed a tentacled starspawn
   184 | D:1      | Escaped the Abyss
   479 | D:1      | Gained mutation: You have a pair of small antennae on your
                  | head. [demonic ancestry]
   479 | D:1      | Reached XP level 2. HP: 12/24 MP: 3/3
   827 | D:1      | Reached * piety under Lugonu
  1178 | D:1      | Gained mutation: You are surrounded by a mild repulsion
                  | field. (EV +2) [demonic ancestry]
  1178 | D:1      | Reached XP level 3. HP: 28/29 MP: 5/5
  1235 | D:1      | Quit the game

Illustrated notes

Levels and vault maps discovered:
D:1:      scummos_arrival_checkerplants, layout_rooms, serial_rivers,
          chequers_serial_rivers_large_a, chequers_serial_rivers_small_3,
          chequers_serial_rivers_micro_c, chequers_serial_rivers_micro_e,
          chequers_serial_rivers_room_b

Skill      XL: |  1 |
---------------+----+-----
Dodging        | 1 |  1.3
Polearms       | 2 |  2.3
Armour         | 2 |  2.0
Fighting       | |  3.1
Invocations    | |  2.9

Action                   || total
-------------------------++-------
Melee: Spear             ||    63
Invok: Depart the Abyss  ||     1
  Use: Scroll            ||     1
Armor: Leather armour    ||    34
Dodge: Dodged            ||    48

Table legend: (Time is in decaauts)
 A = Elapsed time spent in this place.
 B = Non-inter-level travel time spent in this place.
 C = Inter-level travel time spent in this place.
 D = Time resting spent in this place.
 E = Time spent auto-exploring this place.
 F = Levels seen in this place.
 G = Mean time per level.
                   A        B        C        D        E       F      G
               +--------+--------+--------+--------+--------+-----+--------+
         Total |   1249 |   1249 |      0 |    265 |    817 |   2 |  624.5 |
       Dungeon |   1065 |   1065 |      0 |    265 |    687 |   1 | 1065.0 |
         Abyss |    184 |    184 |      0 |      0 |    130 |   1 |  184.0 |
               +--------+--------+--------+--------+--------+-----+--------+

Top non-repeatable levels by time:
     D:1: 1065 daAuts
 Abyss:1: 184 daAuts
